AoeStats
← MattAtArms

Arabia

507265631Analyzed
1v1 RM · 16d ago on Sep 17, 2026· 26m 8s· 2 players
Game mode
Random Map
Map size
Tiny (2 player)
Population
200
Speed
Normal
Resources
Standard
Victory
Conquest
Starting age
Dark Age
Ending age
Imperial Age
RankedLock teamsTeams togetherTeam positionsShared explorationLock speedFull tech treeHidden civsTurbo modeCheats
Victory
Defeat
🇬🇧 Maya · United Kingdom
1871
+18
🇹🇷 Hindustanis · Türkiye
1922
-18
MattAtArms
0:27 Loom
0:31 Loom
9:29 Feudal Age
10:05 Double-Bit Axe
9:51 Man-at-Arms
19:55 Castle Age
18:21 Padded Archer Armor
18:14 Fletching
18:26 Padded Archer Armor
18:22 Gold Mining
19:01 Padded Archer Armor
19:16 Horse Collar
19:58 Crossbowman
20:34 Bodkin Arrow
20:51 Bow Saw
22:54 Ballistics
dsfsdf
6:14 Loom
8:47 Feudal Age
10:03 Double-Bit Axe
10:54 Horse Collar
18:37 Wheelbarrow
22:24 Castle Age
20:43 Fletching
21:10 Padded Archer Armor
23:02 Bodkin Arrow
23:19 Crossbowman
23:33 Elite Skirmisher
Connection lost

Rejoining the realm…

Still unreachable

The connection could not be restored.

Session expired

The server has moved on; the page needs a fresh start.